Description

A very strong push with 2x Tanks and Stim +1/+1 Marines. Useable on maps with "safe spots" for positioning tanks i.e. Catalyst at gas geysirs next to ramp and rocks

Usual 2/1/1 2x Medivac 16 Marine pressure into 2x tanks to be airlifted w/ Medivac to join 2x Medivacs. Reinforcing push with Marines and Tanks whilst bringing up 3rd and starting +2/+2 when +1/+1 finishes.

I didn't add SVC or Marine production to this BO. Pretty constant on both SCV and Marines.

VOD: Maru vs Rogue, GSL Code S 2018 - Season 2, Ro8, Match 1 on Catalyst

Note: the timings after 1st depot in wall off (40 sup, 3:43min) could hit even earlier. Rogue manages to get a cancel on 2nd depot in wall off, delaying the push for a few seconds.

VOD

https://youtu.be/76cmNNTZz1A?t=13m59s

Build Order

Get SALT Encoding   

  14  0:19  Supply Depot  
  16  0:40  Barracks  
  16  0:45  Refinery  
  19  1:28  Reaper, Orbital Command  
  20  1:40  Command Center  
  21  1:57  Barracks  
  21  2:00  Barracks Reactor  
  22  2:11  Supply Depot  
  22  2:14  Refinery  
  24  2:32  Factory  
  27  2:52  Barracks Tech Lab  Tech Lab on 2nd barracks
  27  2:55  Orbital Command  
  31  3:09  Stimpack  
  32  3:20  Starport  
  34  3:26  Factory Reactor  when build, starport switches on to this reactor
  40  3:43  Supply Depot  1st depot at walloff
  51  4:07  Supply Depot  2nd depot at walloff
  51  4:08  Medivac x2  
  54  4:30  Engineering Bay x2  completing walloff, walloff
  59  4:39  Barracks, Factory Tech Lab  3rd barracks, Start tank production as soon as fac is finished.
  61  4:54  Refinery  take gases on natural
  61  4:55  Refinery  
  61  4:58  Terran Infantry Weapons Level 1, Terran Infantry Armor Level 1  
  61  4:59  Combat Shields  
  62  5:08  Supply Depot  
  68  5:11  Siege Tank  
  76  5:39  Supply Depot  
  82  5:41  Medivac  
  82  5:42  Siege Tank  
  89  6:05  Supply Depot  No SVC production after 6:00. Only restarts after 3rd tank, Armory and 3rd CC went in production
  94  6:13  Siege Tank  Medivac leaves w/ 2x Tanks loaded
  94  6:21  Armory  
  94  6:28  Command Center  building 3rd in base whilst tanks and medivac leave
Spawning Tool Build Advisor. Get it on Overwolf

Go to:

Details

  • Created by: ZykSC2
  • Published on: Jun 08, 2018
  • Modified on: Jun 11, 2018
  • Patch: 4.0.0
Show
View Real Time Build Order
Export as new Build Order

Comments (0)

There are no comments. Be the first!

Create an account to comment!